 Dungeon Sprint DCSS version 0.17-a0-1570-g74b7129 (webtiles) character file.

306 tt080 the Grappler (level 6, -1/59 HPs)
             Began as a Troll Fighter on July 23, 2015.
             Was a Follower of Cheibriados.
             Slain by a hill giant
             ... wielding a +0 giant club
              (41 damage)
             ... in the Dungeon (Sprint IX: "|||||||||||||||||||||||||||||").
             The game lasted 00:01:31 (120 turns).

tt080 the Grappler (Troll Fighter)                   Turns: 120, Time: 00:01:31

Health: -1/59      AC:  6    Str: 28    XL:     6   Next: 16%
Magic:  5/5        EV: 12    Int: 10    God:    Cheibriados [*.....]
Gold:   0          SH: 11    Dex: 14    Spells: 0 memorised, 5 levels left

rFire  . . .     SeeInvis .       - Unarmed
rCold  . . .     Clarity  .     a - +0 robe
rNeg   . . .     SustAt   .     b - +0 shield
rPois  .         Gourm    +     (helmet restricted)
rElec  .         Spirit   .     s - +0 cloak
rCorr  .         Warding  .     (gloves unavailable)
rMut   .         NoTele   +     (boots unavailable)
MR     .....                    (no amulet)
Stlth  +.........               u - +3 ring of intelligence
                                t - +2 ring of evasion

@: very slow, not resistant to hostile enchantments, very unstealthy
A: unfitting armour, claws 3, fast metabolism 3, gourmand, regeneration 2,
shaggy fur 1, tough skin 2
a: Bend Time, Renounce Religion


You were in the Dungeon.
You worshipped Cheibriados.
Cheibriados was aware of your devotion.
You were very full.

You visited 1 branch

Inventory:

Hand weapons
 q - a +2 halberd of protection
 r - the +2 scimitar "Kute" {speed, rElec Int-3 Dex+5}
   (You found it in the Dungeon)

   Attacks with this weapon are significantly faster.
   It affects your intelligence (-3).
   It affects your dexterity (+5).
   It insulates you from electricity.
   Cheibriados disapproves of the use of such an item.
Armour
 a - a +0 robe (worn)
 b - a +0 shield (worn)
 s - a +0 cloak (worn)
Magical staves
 p - an uncursed staff of energy
Jewellery
 t - a +2 ring of evasion (left claw)
 u - a +3 ring of intelligence (right claw)
Magical devices
 o - a wand of cold (5)
Scrolls
 j - 2 scrolls of blinking
 m - 3 scrolls of remove curse
 n - 2 scrolls of amnesia
Potions
 c - a potion of might
 e - 5 potions of curing
 f - 3 potions of heal wounds
 g - a potion of haste
 h - 4 potions of magic
 i - a potion of berserk rage
 l - a potion of invisibility
Comestibles
 d - 2 bread rations
 k - 6 chunks of flesh


   Skills:
 - Level 2.7 Fighting
 - Level 2.7 Dodging
 + Level 6.7 Shields
 * Level 10.6 Unarmed Combat


You had 5 spell levels left.
You didn't know any spells.

Dungeon Overview and Level Annotations

Branches:
Dungeon (1/1)

Altars:
Cheibriados
Dithmenos
Elyvilon
Fedhas
Gozag
Kikubaaqudgha
Makhleb
Nemelex Xobeh
Okawaru
Qazlal
Ru
Sif Muna
Trog
Vehumet
Xom
Yredelemnul
Zin
The Shining One
Beogh
Jiyva
Lugonu


Innate Abilities, Weirdness & Mutations

You are too large for most types of armour.
You have claws for hands.
Your metabolism is lightning-fast.
You like to eat raw meat.
You heal very quickly.
You are covered in fur (AC +1).
You have very tough skin (AC +2).


Message History

Your base attributes are Str 24, Int 4, Dex 10.
Increase (S)trength, (I)ntelligence, or (D)exterity?
You feel agile.
You feel stronger.
The bolt of cold hits the yak.
The yak is heavily wounded.
This wand has 5 charges left.
You scratch the hill giant.
The hill giant begins to bleed from its wounds!
The hill giant is heavily wounded.
You block the hill giant's attack.
You claw the hill giant!
The hill giant is severely wounded.
You scratch the hill giant.
The hill giant is severely wounded.
The hill giant hits you with a giant club!!
You barely miss the hill giant.
The hill giant is severely wounded.
The hill giant hits you with a giant club!!!
Ouch! That really hurt!
You die... ▓▓▓▓▓▓▓▓▓▓▓▓▓▓▓▓▓▓▓▓▓▓▓▓ +...FYC@..[.[)...'______ ▓▓▓▓▓▓▓▓▓▓▓▓▓▓▓▓▓▓▓▓▓▓▓▓

You could see a hill giant (bleeding), a yak and a giant frog.

Vanquished Creatures
  A wyvern (D)
  2 centaurs (D)
  2 orcs (D)
  A bat (D)
  A hobgoblin (D)
  A giant newt (D)
  3 kobolds (D)
  2 rats (D)
13 creatures vanquished.

Notes
Turn   | Place    | Note
--------------------------------------------------------------
     0 | D        | tt080 the Troll Fighter began the quest for the Orb.
     0 | D        | Reached XP level 1. HP: 22/22 MP: 0/0
    41 | D        | Noticed a centaur
    43 | D        | Reached skill level 3 in Unarmed Combat
    47 | D        | Reached XP level 2. HP: 29/29 MP: 1/1
    56 | D        | Killed a centaur
    56 | D        | Reached skill level 4 in Shields
    56 | D        | Reached skill level 7 in Unarmed Combat
    56 | D        | Reached XP level 3. HP: 11/36 MP: 2/2
    56 | D        | Reached XP level 4. HP: 13/44 MP: 3/3
    63 | D        | Found a glowing silver altar of Zin.
    63 | D        | Found a glowing golden altar of the Shining One.
    63 | D        | Found an ancient bone altar of Kikubaaqudgha.
    63 | D        | Found a basalt altar of Yredelemnul.
    63 | D        | Found a shimmering altar of Xom.
    63 | D        | Found a radiant altar of Vehumet.
    64 | D        | Found an iron altar of Okawaru.
    65 | D        | Found a burning altar of Makhleb.
    66 | D        | Found a deep blue altar of Sif Muna.
    67 | D        | Found a bloodstained altar of Trog.
    68 | D        | Found a sparkling altar of Nemelex Xobeh.
    69 | D        | Found a white marble altar of Elyvilon.
    70 | D        | Found a roughly hewn altar of Beogh.
    71 | D        | Found a viscous altar of Jiyva.
    72 | D        | Found a corrupted altar of Lugonu.
    73 | D        | Found a blossoming altar of Fedhas.
    74 | D        | Found a snail-covered altar of Cheibriados.
    75 | D        | Found a shadowy altar of Dithmenos.
    76 | D        | Found a stormy altar of Qazlal.
    77 | D        | Found an opulent altar of Gozag.
    78 | D        | Found a sacrificial altar of Ru.
    82 | D        | Became a worshipper of Cheibriados the Contemplative
    97 | D        | Got the +2 scimitar "Kute" {speed, rElec Int-3 Dex+5}
   113 | D        | Noticed a giant frog
   113 | D        | Noticed a yak
   113 | D        | Noticed a centaur
   113 | D        | Noticed a hill giant
   113 | D        | Noticed a wyvern
   116 | D        | Killed a wyvern
   116 | D        | Acquired Cheibriados's first power
   116 | D        | Reached skill level 9 in Unarmed Combat
   116 | D        | Reached XP level 5. HP: 50/50 MP: 4/4
   116 | D        | Killed a centaur
   116 | D        | Reached skill level 10 in Unarmed Combat
   116 | D        | Reached XP level 6. HP: 59/59 MP: 5/5
   120 | D        | Slain by a hill giant

Vault maps used:
D:        linesprint

Action                   |  1- 3 |  4- 6 || total
-------------------------+-------+-------++-------
Melee: Unarmed           |    21 |     4 ||    25
Evoke: Wand              |       |     2 ||     2
  Eat: Chunk             |     6 |       ||     6
